 Dungeon Crawl Stone Soup version 0.31-a0-1178-gc5c9b8f871 (webtiles) character file.

Game seed: 1380041725835948591

154 qw the Shooter (level 5, -2/32 HPs)
             Began as a Gargoyle Hunter on Dec 11, 2023.
             Slain by a goblin
             ... wielding a +0 club
             ... led by Robin
              (5 damage)
             ... on level 3 of the Dungeon.
             The game lasted 00:00:48 (2145 turns).

qw the Shooter (Gargoyle Hunter)                    Turns: 2145, Time: 00:00:48

Health: -2/32      AC:  7    Str: 13 (14) XL:     5   Next: 36%
Magic:  5/5        EV: 11    Int:  9 (10) God:
Gold:   128        SH:  0    Dex: 15      Spells: 4/4 levels left

rFire   . . .        b - +1 shortbow (flame)
rCold   . . .        (shield currently unavailable)
rNeg    + . .        c - +0 leather armour
rPois   inf          (no helmet)
rElec   +            (no cloak)
rCorr   .            (no gloves)
SInv    .            (no boots)
Will    .....        (no amulet)
Stlth   ++           (no ring)
HPRegen 0.25/turn    (no ring)
MPRegen 0.09/turn

%: no passive effects
@: no status effects
A: sickness immunity, AC +4, negative energy resistance 1, electricity
resistance, torment resistance 1, petrification resistance
a: no special abilities


You were on level 3 of the Dungeon.
You visited 1 branch of the dungeon, and saw 3 of its levels.

You collected 128 gold pieces.


Innate Abilities, Weirdness & Mutations

You are immune to sickness and miasma.
Your stone body is resilient. (AC +4)
You are immune to poison.
You resist negative energy. (rN+)
You are resistant to electric shocks. (rElec)
You are resistant to unholy torment.
You are immune to petrification.


   Skills:
 + Level 3.1 Fighting
 - Level 6.1 Ranged Weapons
 - Level 1.5 Dodging
 - Level 1.1 Stealth


You had 4 spell levels left.
You didn't know any spells.
Your spell library was empty.

Inventory:

Hand Weapons
 b - a +1 shortbow of flaming (weapon)
Armour
 c - a +0 leather armour (worn)
Scrolls
 a - a scroll of identify
Potions
 e - a potion of mutation
 f - a potion of might
 g - a potion of curing {unknown}
 h - a potion of cancellation {unknown}
 i - a potion of enlightenment {unknown}

Dungeon Overview and Level Annotations

Branches:
Dungeon (3/15)

Altars:
Cheibriados

Annotations:
D:3 Robin


Message History

Robin roars a battlecry!
The goblins go into a battle-frenzy!
The goblin hits you with a +0 club.
Your Ranged Weapons skill increases to level 6!
You shoot an arrow. The arrow hits the goblin.
The arrow burns the goblin.
You kill the goblin!
The goblin hits you but does no damage. x2
You shoot an arrow. The arrow hits the goblin!
The arrow burns the goblin.
You kill the goblin!
A goblin comes into view. It is wielding a +0 club.
The goblin closely misses you.
The goblin hits you with a +0 vampiric dagger.
A hobgoblin comes into view.
You shoot an arrow. The goblin shouts!
The arrow hits the goblin!
The arrow burns the goblin.
You kill the goblin!
The goblin hits you but does no damage.
A goblin comes into view. It is wielding a +0 dagger.
You feel your intelligence returning.
You shoot an arrow. The arrow hits the goblin!
The arrow burns the goblin.
You kill the goblin!
The goblin hits you with a +0 club.
The goblin hits you with a +0 vampiric dagger.
You shoot an arrow. The arrow closely misses the goblin.
The goblin barely misses you. The goblin hits you but does no damage.
The goblin barely misses you.
The goblin unwields a +0 sling.
The goblin wields a +0 dagger.
The goblin hits you but does no damage.
The goblin hits you with a +0 vampiric dagger.
The goblin hits you with a +0 club.
You shoot an arrow. The arrow hits Robin.
The arrow burns Robin.
Robin is lightly wounded.
The goblin hits you but does no damage. The goblin hits you with a +0 club.
The goblin misses you.
Robin hits you with a +2 dagger of venom.
The goblin barely misses you.
2145 ||| DRINKING brown potion.
It was a potion of magic.
Magic courses through your body. The goblin misses you.
The goblin hits you with a +0 club. x2
You die...

#.....###.# .........#
#.....# #.# .........#
#.....# #.# .........#
#.....# #<# ..>......#
#...(.##### ......g..#
#..........
.....gg..#####....#####.
......ggg.......### #.
......g@g######.# #.
......g..# #.#######.
########.# #.........
##.###############
#.................
#..############### #..#
#.# #..#######.#
#..........#


You could see Robin, a hobgoblin (strong) and 7 goblins.

Vanquished Creatures
  An orc wizard (D:3)
  Terence (D:3)
  2 adders (D:3)
  A worm (D:3)
  3 dart slugs
  4 orcs (D:3)
  5 endoplasms
  4 giant cockroaches
  11 goblins
  11 hobgoblins
  4 jackals (D:3)
  5 kobolds
  2 quokkas
  4 ball pythons
  5 bats
  2 frilled lizards
65 creatures vanquished.

Notes
Turn   | Place    | Note
-------+----------+-------------------------------------------
     0 | D:1      | qw the Gargoyle Hunter began the quest for the Orb.
     0 | D:1      | Reached XP level 1. HP: 12/12 MP: 1/1
     0 | D:1      | 0 ||| qw: Version: 0.3-a-106-g2cfff9e
     0 | D:1      | 0 ||| qw: Game counter: 1980
     0 | D:1      | 0 ||| qw: Melee chars always use a shield: true
     0 | D:1      | 0 ||| qw: God list: Okawaru
     0 | D:1      | 0 ||| qw: Allow faded altars: false
     0 | D:1      | 0 ||| qw: Do Orc after clearing Dungeon:15 true
     0 | D:1      | 0 ||| qw: Do second Lair branch before Depths: true
     0 | D:1      | 0 ||| qw: Lair rune preference: random
     0 | D:1      | 0 ||| qw: Goals: Normal, Save, Zot:1-4, Win
     0 | D:1      | 0 ||| PLANNING D:1-11
    56 | D:1      | You fall into a shaft and drop 1 floor!
    74 | D:2      | Reached XP level 2. HP: 17/17 MP: 2/2
    81 | D:2      | 81 ||| READING scroll labelled UPTOFIQEIRGH.
    81 | D:2      | 81 ||| ENCHANTING +0 shortbow.
    82 | D:2      | 82 ||| DROPPING scroll of butterflies.
   564 | D:1      | Reached XP level 3. HP: 21/21 MP: 3/3
   723 | D:1      | Reached skill level 5 in Ranged Weapons
   886 | D:1      | 886 ||| READING scroll labelled ASMEG ISMIT.
   887 | D:1      | 887 ||| READING scroll labelled WIDWAKH OCHO.
   887 | D:1      | 887 ||| IDENTIFYING yellow potion
   888 | D:1      | 888 ||| READING scroll labelled KESINE PIWOT.
   888 | D:1      | Identified a scroll of acquirement
   888 | D:1      | 888 ||| 888 ||| Offered +1 shortbow of flaming
   888 | D:1      | 888 ||| 888 ||| Offered staff of fire
   888 | D:1      | 888 ||| 888 ||| Offered ring of protection from cold
   888 | D:1      | 888 ||| 888 ||| Offered 1159 gold pieces
   888 | D:1      | 888 ||| ACQUIRING +1 shortbow of flaming
   888 | D:1      | Acquired a +1 shortbow of flaming
   890 | D:1      | 890 ||| SWAPPING to +1 shortbow of flaming.
   891 | D:1      | 891 ||| DROPPING +1 shortbow.
   892 | D:1      | 892 ||| DRINKING 2 puce potions.
   893 | D:1      | 893 ||| DROPPING potion of degeneration.
  1247 | D:2      | Reached skill level 3 in Fighting
  1251 | D:2      | Found a snail-covered altar of Cheibriados.
  1413 | D:2      | 1413 ||| READING scroll of identify.
  1413 | D:2      | 1413 ||| IDENTIFYING inky potion
  1414 | D:2      | 1414 ||| DRINKING 2 viscous amethyst potions.
  1415 | D:2      | 1415 ||| DROPPING potion of attraction.
  1567 | D:3      | Reached XP level 4. HP: 28/28 MP: 4/4
  1627 | D:3      | 1627 ||| FLEEEEING.
  1931 | D:3      | Reached XP level 5. HP: 26/32 MP: 5/5
  2130 | D:3      | Noticed Terence
  2136 | D:3      | Noticed Robin
  2138 | D:3      | Killed Terence
  2139 | D:3      | Reached skill level 6 in Ranged Weapons
  2144 | D:3      | HP: 8/32 [Robin/+2 dagger of venom (3)]
  2145 | D:3      | 2145 ||| DRINKING brown potion.
  2145 | D:3      | HP: 3/32 [goblin/+0 club[Robin] (5)]
  2145 | D:3      | Slain by a goblin

Levels and vault maps discovered:
D:1:      dpeg_arrival_morbid_curiosity, layout_loops_ring, chequers_garden
D:2:      layout_basic, basic_altar
D:3:      layout_basic, chequers_serial_rivers_room_b, uniq_natasha, uniq_robin,
          uniq_terence

Skill      XL: |  1  2  3  4  5 |
---------------+----------------+-----
Ranged Weapons | 5 6 |  6.1
Fighting       | 3 |  3.1
Dodging        | |  1.5
Stealth        | |  1.1

Action                     |  1- 3 |  4- 6 || total
---------------------------+-------+-------++-------
   Fire: Shortbow          |   103 |    79 ||   182
    Use: Scroll            |     5 |       ||     5
         Potion            |     2 |     1 ||     3
 Armour: Leather armour    |    29 |    38 ||    67
  Dodge: Dodged            |    27 |    23 ||    50

Table legend:
 A = Non-vault XP
 B = Vault XP
 C = Vault XP percentage of total XP
 D = Non-vault monster count
 E = Vault monster count
 F = Vault count percentage of total count
                 A         B        C        D         E       F
            +---------+---------+-------+---------+---------+-------
      Total |     173 |      48 |  21.7 |      55 |      10 |  15.4
            +---------+---------+-------+---------+---------+-------
        D:1 |      29 |       8 |  21.6 |      15 |       5 |  25.0
        D:2 |      34 |       0 |   0.0 |      17 |       0 |   0.0
        D:3 |     110 |      40 |  26.7 |      23 |       5 |  17.9
            +---------+---------+-------+---------+---------+-------
